cohdb
Replays
Latest Replays
All Replays
Popular Replays
Top Player Replays
Match Explorer
How It Works
Community
CoH3 Stats
Reddit
Sign in to upload your games and track your stats! →
Sign in with Steam
Match 38355248
Unlisted
Match 38355248
Overview
Messages
Build Orders
End
Construct Barracks
1⁄4-ton 4x4 Truck
Selects Armored Battlegroup
Selects Veteran Crews
1⁄4-ton 4x4 Truck
1⁄4-ton 4x4 Truck
Riflemen Squad
Riflemen Squad
Selects Fast Deploy
Riflemen Squad
Infantry Support Center
Grenade Package
Construct Medical Station
Construct Weapon Support Center
M1918 Browning Automatic Rifles
M1918 Browning Automatic Rifles
Selects M31 Recovery Vehicle
Bazooka Squad
Bazooka Squad
Advanced Logistics
佩佩美容头疗
MonikaのPants
sharpshooter
NA
0
0
Comments
sign in to comment!
No comments posted yet!